 Dungeon Crawl Stone Soup version 0.31-a0-232-gb1c03b2570 (webtiles) character file.

Game seed: 6771260052233758293

100 qw the Shooter (level 4, -11/26 HPs)
             Began as a Gargoyle Hexslinger on July 6, 2023.
             Killed by divine providence
             ... invoked by an orc priest
              (14 damage)
             ... on level 3 of the Dungeon.
             The game lasted 00:01:00 (2243 turns).

qw the Shooter (Gargoyle Hexslinger)                Turns: 2243, Time: 00:01:01

Health: -11/26     AC:  8    Str: 11    XL:     4   Next: 73%
Magic:  5/5        EV: 10    Int: 14    God:
Gold:   137        SH:  0    Dex: 14    Spells: 4/5 levels left

rFire   . . .        Y - +1 sling
rCold   . . .        (no shield)
rNeg    + . .        e - +0 ring mail
rPois   inf          (no helmet)
rElec   +            (no cloak)
rCorr   .            (no gloves)
SInv    .            (no boots)
Will    .....        (no amulet)
Stlth   +            (no ring)
HPRegen 0.24/turn    (no ring)
MPRegen 0.09/turn

%: no passive effects
@: no status effects
A: sickness immunity, AC +3, negative energy resistance 1, electricity
resistance, torment resistance 1, petrification resistance
a: no special abilities


You were on level 3 of the Dungeon.
You visited 1 branch of the dungeon, and saw 3 of its levels.

You collected 137 gold pieces.


Innate Abilities, Weirdness & Mutations

You are immune to sickness and miasma.
Your stone body is resilient. (AC +3)
You are immune to poison.
You resist negative energy. (rN+)
You are resistant to electric shocks. (rElec)
You are resistant to unholy torment.
You are immune to petrification.


   Skills:
 - Level 2.0 Fighting
 + Level 4.3 Ranged Weapons
 - Level 1.0 Armour
 - Level 1.5 Dodging
 - Level 1.0 Spellcasting
 - Level 2.6 Hexes


You had 4 spell levels left.
You knew the following spells:

 Your Spells              Type           Power      Damage    Failure   Level
a - Slow                  Hex            32%        N/A       21%         1

Your spell library contained the following spells:

 Spells                   Type           Power      Damage    Failure   Level
 Inner Flame              Hex/Fire       4%         N/A       71%         3
 Portal Projectile        Hex/Tloc       8%         N/A       71%         3
 Cause Fear               Hex            4%         N/A       90%         4

Inventory:

Hand Weapons
 Y - a +1 sling (weapon)
Armour
 e - a +0 ring mail (worn)
Scrolls
 a - a scroll of torment {unknown}
Potions
 b - a potion of cancellation {unknown}
 d - a potion of brilliance {unknown}

Dungeon Overview and Level Annotations

Branches:
Dungeon (3/15)

Altars:


Message History

The orc wizard hits you but does no damage.
The orc priest looks satisfied for a moment.
The orc priest hits you with a +0 club.
The orc wizard hits you but does no damage.
You shoot a sling bullet. The sling bullet hits the orc priest!
The orc priest is almost dead.
The orc wizard barely misses you.
The orc priest invokes the aid of Beogh against you.
Pain shoots through your body!
You shoot a sling bullet.
The sling bullet barely misses the orc priest.
The sling bullet hits the orc!
You kill the orc!
The orc wizard hits you but does no damage.
The orc priest hits you but does no damage.
You shoot a sling bullet.
The sling bullet barely misses the orc priest.
The orc wizard hits you but does no damage.
The orc priest hits you but does no damage.
You shoot a sling bullet.
The sling bullet closely misses the orc priest.
The orc wizard barely misses you.
The orc priest casts a cantrip, but nothing happens.
The orc wizard barely misses you. The orc priest misses you.
You shoot a sling bullet. The sling bullet hits the orc priest.
The orc priest is almost dead.
The orc wizard barely misses you. The orc priest hits you with a +0 club.
You shoot a sling bullet.
The sling bullet closely misses the orc priest.
The orc wizard gestures wildly while chanting.
The orc wizard flickers and vanishes!
Deactivating autopickup; reactivate with Ctrl-A.
The orc priest hits you but does no damage.
You shoot a sling bullet.
The sling bullet closely misses the orc priest.
Something hits you but does no damage. The orc priest closely misses you.
The orc priest invokes the aid of Beogh against you.
Beogh smites you!
Ouch! That really hurt!
You die...

..###.####..#
### #.# #..#
#.## #..####
#..###.....#
##.#.....#.##
#.....#....#
##....##.#.##
#....##.#..#
......##..#@#
#####.####.{o#
...
###)...o.oo
...# #........
..# #.....o..
#.......o
#........
#........
.........


You could see an orc priest.

Vanquished Creatures
  An adder (D:3)
  A gnoll (D:1)
  A worm (D:2)
  2 dart slugs
  6 orcs (D:3)
  2 bats
  3 endoplasms (D:1)
  5 giant cockroaches
  6 goblins
  7 hobgoblins
  6 jackals
  3 quokkas
  5 ball pythons
  4 frilled lizards
  3 kobolds
  4 rats
59 creatures vanquished.

Notes
Turn   | Place    | Note
-------+----------+-------------------------------------------
     0 | D:1      | qw the Gargoyle Hexslinger began the quest for the Orb.
     0 | D:1      | Reached XP level 1. HP: 12/12 MP: 2/2
     0 | D:1      | 0 ||| qw: Version: 0.3-a-46-gb1f654a
     0 | D:1      | 0 ||| qw: Game counter: 1976
     0 | D:1      | 0 ||| qw: Melee chars always use a shield: true
     0 | D:1      | 0 ||| qw: God list: Okawaru
     0 | D:1      | 0 ||| qw: Allow faded altars: false
     0 | D:1      | 0 ||| qw: Do Orc after clearing Dungeon:15 true
     0 | D:1      | 0 ||| qw: Do second Lair branch before Depths: true
     0 | D:1      | 0 ||| qw: Lair rune preference: random
     0 | D:1      | 0 ||| qw: Goals: Normal
     0 | D:1      | 0 ||| PLANNING D:1-11
    43 | D:1      | 43 ||| DROPPING scroll of poison.
   328 | D:1      | Reached XP level 2. HP: 16/16 MP: 3/3
   353 | D:1      | Reached skill level 3 in Ranged Weapons
   536 | D:1      | Reached XP level 3. HP: 21/21 MP: 4/4
   671 | D:1      | 671 ||| UPGRADING to +0 ring mail.
   681 | D:1      | 681 ||| DROPPING +0 robe.
   684 | D:1      | 684 ||| READING scroll labelled PAOTZU OTIW.
  1235 | D:2      | 1235 ||| STAIRDANCE
  1281 | D:2      | 1281 ||| STAIRDANCE
  1377 | D:2      | 1377 ||| FLEEEEING.
  1378 | D:2      | 1378 ||| FLEEEEING.
  1379 | D:2      | 1379 ||| FLEEEEING.
  1673 | D:2      | Reached XP level 4. HP: 26/26 MP: 5/5
  1949 | D:2      | 1949 ||| READING scroll labelled GUMOSH GIHYSKO.
  1950 | D:2      | 1950 ||| READING 2 scrolls labelled XATHRU LUQOCS.
  1955 | D:2      | 1955 ||| READING scroll labelled FUAFECULEPS.
  1956 | D:2      | 1956 ||| READING scroll labelled ELASSO NUGYTO.
  1957 | D:2      | 1957 ||| READING scroll labelled URYNUF HAMU.
  1988 | D:3      | Reached skill level 4 in Ranged Weapons
  2011 | D:3      | 2011 ||| Stepping ~*~*~tactically~*~*~ (outnumbered).
  2027 | D:3      | HP: 6/26 [jackal (3)]
  2028 | D:3      | 2028 ||| READING scroll of teleportation.
  2031 | D:3      | Reached skill level 1 in Armour
  2037 | D:3      | HP: 5/26 [orc/+0 club (3)]
  2042 | D:3      | HP: 4/26 [jackal (2)]
  2218 | D:3      | 2218 ||| Stepping ~*~*~tactically~*~*~ (outnumbered).
  2236 | D:3      | HP: 4/26 [orc priest/+0 club (4)]
  2241 | D:3      | HP: 2/26 [orc priest/+0 club (2)]
  2243 | D:3      | Killed from afar by an orc priest

Levels and vault maps discovered:
D:1:      lemuel_arrival_muddy, layout_loops_ring, serial_co_window_serial,
          co_window_paths_a, co_window_paths_a, co_window_paths_a,
          co_window_corner_a, co_window_corner_a, co_window_paths_c,
          co_window_corner_cb, co_window_unsneaky_path_c,
          co_window_of_opportunity_b, co_window_of_opportunity_b,
          co_window_paths_e, co_window_sun, glass_columns_a, glass_columns_c,
          chequers_arboretum
D:2:      layout_loops_ring, serial_glass, glass_columns_c, glass_columns_a,
          minmay_strange_pillars, item_on_display_a, due_unseen_surprise
D:3:      layout_rooms, palyth_stone_intersect

Skill      XL: |  1  2  3  4 |
---------------+-------------+-----
Ranged Weapons | 3 4 |  4.3
Fighting       | 2 |  2.0
Armour         | 1 |  1.0
Dodging        | |  1.5
Spellcasting   | |  1.0
Hexes          | |  2.6

Action                     |  1- 3 |  4- 6 || total
---------------------------+-------+-------++-------
   Fire: Sling             |   150 |    87 ||   237
    Use: Scroll            |     1 |     6 ||     7
 Armour: Robe              |     7 |       ||     7
         Ring mail         |    25 |    81 ||   106
  Dodge: Dodged            |    47 |    73 ||   120

Table legend:
 A = Non-vault XP
 B = Vault XP
 C = Vault XP percentage of total XP
 D = Non-vault monster count
 E = Vault monster count
 F = Vault count percentage of total count
                 A         B        C        D         E       F
            +---------+---------+-------+---------+---------+-------
      Total |     143 |       0 |   0.0 |      59 |       0 |   0.0
            +---------+---------+-------+---------+---------+-------
        D:1 |      65 |       0 |   0.0 |      29 |       0 |   0.0
        D:2 |      23 |       0 |   0.0 |      12 |       0 |   0.0
        D:3 |      55 |       0 |   0.0 |      18 |       0 |   0.0
            +---------+---------+-------+---------+---------+-------
